 Dungeon Crawl Stone Soup version 0.27.1-16-g815e20cd7a (webtiles) character file.

Game seed: 4443276784273058516

34366 Vyran the Fighter (level 13, -4/113 HPs)
             Began as a Green Draconian Conjurer on Nov 22, 2021.
             Was a High Priest of Qazlal.
             Killed from afar by an ice dragon (21 damage)
             ... with a blast of cold
             ... on level 6 of the Lair of Beasts.
             The game lasted 01:43:22 (21706 turns).

Vyran the Fighter (Green Draconian Conjurer)       Turns: 21706, Time: 01:43:23

Health: -4/113     AC: 18    Str: 14    XL:     13   Next: 41%
Magic:  25/25      EV: 17    Int: 17    God:    Qazlal [*****.]
Gold:   1720       SH:  7    Dex: 18    Spells: 16/28 levels left

rFire    . . .     SeeInvis +   L - staff of conjuration
rCold    + . .     Faith    .   (no shield)
rNeg     . . .     Spirit   .   (armour unavailable)
rPois    +         Reflect  .   u - +2 hat
rElec    .         Harm     .   k - +1 cloak
rCorr    +         Rampage  .   H - +2 pair of gloves
Will     .....                  G - +2 pair of boots
Stlth    +.........             J - amulet of regeneration
HPRegen  1.28/turn              m - +6 ring of dexterity
MPRegen  0.19/turn              C - ring of Naerun {rPois rCorr Str+5 Int-5 SInv}

@: protected from cold, repel missiles
A: breathe noxious fumes, AC +8, unfitting armour, poison resistance,
cold-blooded, mutation resistance 1
a: Breathe Noxious Fumes, Renounce Religion, Upheaval, Elemental Force, Disaster
Area


You were on level 6 of the Lair of Beasts.
You worshipped Qazlal.
Qazlal was extremely pleased with you.
You visited 2 branches of the dungeon, and saw 16 of its levels.
You also visited: Bailey.

You collected 1984 gold pieces.
You spent 264 gold pieces at shops.

Inventory:

Hand Weapons
 c - a +5 vampiric short sword
 e - a +2 dagger of draining
Missiles
 i - 22 atropa-tipped darts
 p - 48 poisoned darts
 v - 13 boomerangs
 w - a throwing net
 E - 3 curare-tipped darts
 T - 5 boomerangs of dispersal
Armour
 k - a +1 cloak (worn)
 u - a +2 hat (worn)
 G - a +2 pair of boots (worn)
 H - a +2 pair of gloves (worn)
Magical Staves
 L - a staff of conjuration (weapon)
Jewellery
 m - a +6 ring of dexterity (left hand)
 C - the ring of Naerun (right hand) {rPois rCorr Str+5 Int-5 SInv}
   (You found it on level 7 of the Dungeon)

   [ring of poison resistance]

   Str:       It affects your strength (+5).
   Int:       It affects your intelligence (-5).
   rPois:     It protects you from poison.
   SInv:      It lets you see invisible.
   rCorr:     It protects you from acid and corrosion.
 J - an amulet of regeneration (around neck)
 M - a ring of see invisible
 S - a ring of flight
 Z - a ring of ice
Wands
 b - a wand of charming (9)
 O - a wand of iceblast (11)
 V - a wand of mindburst (13)
 W - a wand of digging (2)
Scrolls
 a - a scroll of holy word
 h - a scroll of immolation {unknown}
 j - 3 scrolls of magic mapping
 l - 2 scrolls of fog
 r - 13 scrolls of teleportation
 s - 2 scrolls of acquirement
 y - 2 scrolls of enchant weapon
 B - 3 scrolls of amnesia
 N - a scroll of silence {unknown}
 P - 2 scrolls of summoning
 Y - a scroll of identify
Potions
 d - 7 potions of lignification
 f - a potion of invisibility
 g - 5 potions of haste
 n - 2 potions of flight
 t - 4 potions of heal wounds
 x - 3 potions of resistance
 A - 3 potions of mutation
 D - 8 potions of curing
 F - 2 potions of cancellation
 I - a potion of magic
 K - a potion of attraction
 U - a potion of brilliance
Miscellaneous
 X - a tin of tremorstones (2/2)


   Skills:
 * Level 10.2 Fighting
 + Level 8.8 Short Blades
 + Level 8.4 Dodging
 - Level 1.7 Stealth
 + Level 8.3 Spellcasting
 + Level 9.8 Conjurations
 + Level 7.3 Summonings
 + Level 4.9 Necromancy
 + Level 9.3 Invocations


You had 16 spell levels left.
You knew the following spells:

 Your Spells              Type           Power      Damage    Failure   Level
a - Magic Dart            Conj           100%       1d8       1%          1
b - Searing Ray           Conj           100%       3d7       1%          2
c - Call Canine Familiar  Summ           32%        N/A       1%          3
d - Summon Guardian Gole  Hex/Summ       19%        N/A       7%          3
e - Vampiric Draining     Necr           11%        2d7       4%          3

Your spell library contained the following spells:

 Spells                   Type           Power      Damage    Failure   Level
 Summon Small Mammal      Summ           100%       N/A       1%          1
 Dazzling Flash           Conj/Hex       70%        N/A       4%          3
 Corona                   Hex            7%         N/A       10%         1
 Fulminant Prism          Conj/Hex       17%        3d11      13%         4
 Iskenderun's Mystic Bla  Conj/Tloc      35%        2d8       13%         4
 Ensorcelled Hibernation  Hex/Ice        14%        N/A       16%         2
 Slow                     Hex            7%         N/A       16%         2
 Confusing Touch          Hex            7%         N/A       30%         3
 Gell's Gravitas          Tloc           3%         N/A       30%         3
 Lesser Beckoning         Tloc           3%         N/A       30%         3
 Portal Projectile        Hex/Tloc       14%        N/A       30%         3
 Teleport Other           Tloc           7%         N/A       30%         3
 Tukima's Dance           Hex            7%         N/A       30%         3
 Excruciating Wounds      Necr           11%        N/A       36%         5
 Blade Hands              Tmut           3%         N/A       95%         5
 Yara's Violent Unravell  Hex/Tmut       3%         3d4       95%         5
 Dispersal                Tloc           3%         N/A       100%        6


Dungeon Overview and Level Annotations

Branches:
Dungeon (10/15)            Temple (0/1) D:6            Lair (6/6) D:10
 Shoals (0/4) Lair:2        Snake (0/4) Lair:3          Orc (0/2) D:9
 Bailey (visited)
  Slime: Lair:5-6

Altars:
Elyvilon
Kikubaaqudgha
Nemelex Xobeh
Okawaru
Qazlal
Ru
Trog
Zin

Shops:
D:10 [!

Annotations:
D:4 2 transporters, Sopaderocas's ghost, novice HOMo
D:10 1 runed translucent door


Innate Abilities, Weirdness & Mutations

You can breathe blasts of noxious fumes.
Your lurid green scales are hard. (AC +8)
You cannot fit into any form of body armour.
Your system is resistant to poisons. (rPois)
You are cold-blooded and may be slowed by cold attacks.
You are somewhat resistant to further mutation.


Message History

The ice dragon tramples you!
* * * LOW HITPOINT WARNING * * *
You feel more protected from physical attacks.
You are shoved backwards!
You feel much better. The ice dragon barely misses you. x2
The ice dragon misses you.
You feel much better.
The ice dragon bites you but does no damage.
The ice dragon claws you but does no damage.
The ice dragon barely misses you.
You're too confused to cast spells.
You're too confused to cast spells.
You bump into the rock wall.
The ice dragon breathes frost at you. The blast of cold hits you!!!
Your resistance to physical damage fades away.
You feel protected from cold.
* * * LOW HITPOINT WARNING * * *
You hit the ice dragon but do no damage.
The ice dragon is moderately wounded.
You feel less invigorated.
You feel less confused. The ice dragon barely misses you.
The ice dragon claws you but does no damage.
The ice dragon closely misses you. You block the ice dragon's attack.
The ice dragon claws you!
* * * LOW HITPOINT WARNING * * *
The ice dragon barely misses you. The ice dragon breathes frost at you.
The blast of cold misses you.
You hit the plant.
The plant begins to die.
You blast the plant!
The plant is lightly damaged.
The ice dragon bites you.
* * * LOW HITPOINT WARNING * * *
The ice dragon completely misses you. The ice dragon tramples you!
* * * LOW HITPOINT WARNING * * *
You stumble backwards!
The ice dragon breathes frost at you.
The blast of cold hits the plant!!
The blast of cold hits you!! You resist.
You die...

##...## #....
##...#'# #....
#...###$$ #..P.
##..## $.$# #....
###..## $$$# #....
#....### $$$# #....
##.D##.## $####....
##.P#..## ####.....
##@..#.### #.......
#..○.....###.......
#.PPP.....#........
###....##..........
#..#P...#..P.......
####...............
#.#..#..........
..##.##.........
... .#...........


You could see an ice dragon (catching breath).

Vanquished Creatures
  Snorg (Lair:5)
  6 hydras
  A two-headed ogre (D:10)
  Sonja (Lair:6)
  An oklob plant (Lair:3)
  9 elephants
  2 merfolk sirens (Lair:2)
  4 black mambas
  6 cane toads
  2 torpor snails
  4 komodo dragons
  2 rime drakes
  2 merfolk (Lair:2)
  3 trolls
  A hornet (D:9)
  12 blink frogs
  7 dream sheep (Lair:6)
  28 yaks
  3 wyverns
  Grum (D:10)
  2 basilisks (Lair:2)
  4 steam dragons
  Menkaure (D:5)
  4 nagas (Lair:3)
  14 water moccasins
  8 orc warriors
  An ice beast (D:6)
  A sky beast (D:6)
  2 black bears
  26 wolves
  An ogre (D:5)
  3 centaurs
  3 kobold brigands
  A phantom (D:5)
  8 bullfrogs
  A gnoll sergeant (D:9)
  7 scorpions
  A wyvern skeleton (D:6)
  A water moccasin skeleton (D:5)
  5 wights (D:9)
  2 killer bees (D:10)
  4 howler monkeys
  4 electric eels
  A centaur zombie (D:8)
  11 hounds
  A centaur skeleton (D:5)
  3 gnoll shamans (D:7)
  5 orc priests
  A bullfrog skeleton (D:6)
  2 iguanas
  7 orc wizards
  A killer bee zombie (D:3)
  19 gnolls
  4 adders
  2 white imps
  An ufetubus (D:5)
  A worm (D:3)
  2 dart slugs
  43 orcs
  9 ball pythons
  7 endoplasms
  3 giant cockroaches
  24 hobgoblins
  3 jackals (D:2)
  2 quokkas (D:1)
  6 bats
  2 frilled lizards
  13 goblins
  22 kobolds
  3 rats
  4 butterflies (D:10)
402 creatures vanquished.

Vanquished Creatures (collateral kills)
  A water moccasin (D:6)
1 creature vanquished.

Vanquished Creatures (others)
  A naga (Lair:3)
  13 fungi
  24 plants
  A withered plant (D:9)
39 creatures vanquished.

Grand Total: 442 creatures vanquished

Notes
Turn   | Place    | Note
-------+----------+-------------------------------------------
     0 | D:1      | Vyran the Draconian Conjurer began the quest for the Orb.
     0 | D:1      | Reached XP level 1. HP: 14/14 MP: 3/3
   380 | D:1      | Reached XP level 2. HP: 22/22 MP: 1/5
   429 | D:1      | Found a faded altar of an unknown god.
   630 | D:1      | Learned a level 2 spell: Searing Ray
   901 | D:1      | Reached skill level 1 in Fighting
  1470 | D:2      | Reached XP level 3. HP: 27/28 MP: 1/6
  1730 | D:2      | Reached skill level 1 in Short Blades
  1953 | D:2      | Found a stormy altar of Qazlal.
  2019 | D:2      | Became a worshipper of Qazlal Stormbringer
  2616 | D:3      | Reached XP level 4. HP: 16/35 MP: 0/7
  2936 | D:3      | Reached skill level 1 in Invocations
  3071 | D:3      | Reached skill level 2 in Fighting
  3071 | D:3      | Reached XP level 5. HP: 41/41 MP: 1/9
  3370 | D:3      | Found a glowing silver altar of Zin.
  3370 | D:3      | Noticed an angel
  3673 | D:4      | Noticed a black bear
  3737 | D:4      | Killed a black bear
  3738 | D:4      | Reached XP level 6. HP: 50/50 MP: 4/10
  4077 | D:4      | Noticed Sopaderocas's ghost (novice HOMo)
  4105 | D:4      | Found a transporter.
  4251 | D:4      | Found a transporter.
  4597 | D:4      | Reached * piety under Qazlal
  4768 | D:5      | Entered Level 5 of the Dungeon
  4911 | D:5      | Noticed a water moccasin
  4921 | D:5      | Reached skill level 3 in Fighting
  4921 | D:5      | Reached skill level 5 in Conjurations
  4921 | D:5      | Killed a water moccasin
  4922 | D:5      | Your scales start taking on a lurid green colour.
  4922 | D:5      | Reached XP level 7. HP: 57/57 MP: 3/12
  4922 | D:5      | Gained mutation: Your system is resistant to poisons.
                  | (rPois) [Green Draconian growth]
  5511 | D:5      | Noticed Menkaure
  5520 | D:5      | Killed Menkaure
  5581 | D:5      | Identified the +3 scale mail of the Tick {rCorr Str-5
                  | Dex+4}
  5908 | D:5      | Reached XP level 8. HP: 63/66 MP: 5/14
  6054 | D:5      | Reached skill level 4 in Fighting
  6653 | D:6      | Reached ** piety under Qazlal
  7237 | D:6      | Found a staircase to the Ecumenical Temple.
  7390 | D:7      | Reached skill level 5 in Fighting
  7823 | D:7      | Reached XP level 9. HP: 74/74 MP: 10/16
  7864 | D:7      | Identified the ring of Naerun {rPois rCorr Str+5 Int-5
                  | SInv}
  8277 | D:8      | Reached skill level 5 in Spellcasting
  8468 | D:8      | Found a flagged portal.
  8479 | Bailey   | Entered a bailey
  8583 | Bailey   | Reached skill level 1 in Summonings
  8660 | Bailey   | Reached *** piety under Qazlal
  8665 | Bailey   | Reached skill level 5 in Invocations
  8684 | Bailey   | Reached skill level 5 in Dodging
  8919 | Bailey   | Reached skill level 5 in Short Blades
  9292 | Bailey   | Noticed an orc knight
  9292 | Bailey   | Noticed an orc warlord
 10090 | D:9      | Identified 4 scrolls of acquirement
 10090 | D:9      | Acquired a staff of conjuration
 10091 | D:9      | Acquired 1105 gold pieces
 10094 | D:9      | Found a staircase to the Orcish Mines.
 10171 | D:9      | Reached skill level 6 in Fighting
 10273 | D:9      | Found an ancient bone altar of Kikubaaqudgha.
 10418 | D:9      | Reached **** piety under Qazlal
 10599 | D:9      | Found a sacrificial altar of Ru.
 10674 | D:9      | Paralysed by a hornet for 2 turns
 10678 | D:9      | Reached XP level 10. HP: 48/83 MP: 14/18
 10819 | D:9      | Found a white marble altar of Elyvilon.
 10821 | D:9      | Found an iron altar of Okawaru.
 10955 | D:9      | Gained mutation: You are somewhat resistant to further
                  | mutation. [potion of mutation]
 10972 | D:9      | Identified the +7 mace of Makhleb's Indignation {flame,
                  | Dex+4}
 11085 | D:9      | Found a sparkling altar of Nemelex Xobeh.
 11117 | D:9      | Found a bloodstained altar of Trog.
 11309 | D:10     | Entered Level 10 of the Dungeon
 12219 | D:10     | Found a staircase to the Lair.
 12269 | D:10     | Noticed a two-headed ogre
 12280 | D:10     | Killed a two-headed ogre
 12569 | D:10     | Found Siyzxi Agaass's Distillery.
 12578 | D:10     | Bought a potion of curing for 36 gold pieces
 12578 | D:10     | Bought a potion of curing for 36 gold pieces
 12578 | D:10     | Bought a potion of magic for 96 gold pieces
 12578 | D:10     | Bought a potion of flight for 36 gold pieces
 12578 | D:10     | Bought a potion of heal wounds for 60 gold pieces
 12626 | D:10     | Found Pixteaw's Armour Boutique.
 12647 | D:10     | Found a runed translucent door.
 12653 | D:10     | Found a runed translucent door.
 12680 | D:10     | Reached skill level 7 in Fighting
 12831 | D:10     | Noticed Grum
 12841 | D:10     | Killed Grum
 13072 | Lair:1   | Entered Level 1 of the Lair of Beasts
 13104 | D:10     | Reached ***** piety under Qazlal
 13105 | D:10     | Reached XP level 11. HP: 83/92 MP: 12/20
 13308 | Lair:1   | Learned a level 3 spell: Call Canine Familiar
 13312 | Lair:1   | Learned a level 3 spell: Summon Guardian Golem
 13561 | Lair:1   | Identified the +3 chain mail of Parts Unknown {rC+ Int+7}
 13807 | Lair:2   | Noticed an eight-headed hydra
 14055 | Lair:1   | Killed an eight-headed hydra
 14056 | Lair:1   | Reached skill level 5 in Summonings
 14613 | Lair:2   | Reached skill level 8 in Fighting
 14885 | Lair:2   | Reached skill level 1 in Necromancy
 15243 | Lair:2   | Noticed a six-headed hydra
 15277 | Lair:2   | Killed a six-headed hydra
 15456 | Lair:2   | Found a staircase to the Shoals.
 16008 | Lair:3   | Found a staircase to the Snake Pit.
 16025 | Lair:3   | Reached XP level 12. HP: 103/103 MP: 17/22
 16578 | Lair:3   | Noticed a six-headed hydra
 16587 | Lair:3   | Killed a six-headed hydra
 17257 | Lair:4   | Learned a level 3 spell: Vampiric Draining
 17424 | Lair:3   | Reached skill level 9 in Fighting
 19373 | Lair:5   | Noticed Snorg
 19390 | Lair:5   | Killed Snorg
 20164 | Lair:6   | Entered Level 6 of the Lair of Beasts
 20208 | Lair:6   | Noticed Sonja
 20231 | Lair:5   | Reached XP level 13. HP: 108/111 MP: 9/25
 20516 | Lair:6   | Killed Sonja
 21006 | Lair:6   | Reached skill level 10 in Fighting
 21650 | Lair:6   | Found a runed translucent door.
 21694 | Lair:6   | HP: 1/113 [ice dragon (12)]
 21706 | Lair:6   | Killed from afar by an ice dragon

Illustrated notes

Levels and vault maps discovered:
D:1:      matt_arrival_spirals, layout_loops_ring, basic_ecumenical_altar
D:2:      layout_loops_ring, basic_altar, minmay_misc_feat_cross
D:3:      layout_rooms, zin_angel
D:4:      layout_loops_ring, gammafunk_ghost_gnarly_gnolls
D:5:      corexii_shantytown, layout_loops_ring, kennysheep_generic_room_6,
          uniq_menkaure
D:6:      layout_basic, minmay_temple_entry_statues
D:7:      layout_basic
D:8:      layout_gridville, enter_bailey_2
D:9:      layout_roguey, overflow_temple_1_default, trog_three_pillars_becter,
          nicolae_overflow_hidden_temple, kiku_gazebo_garden_becter,
          nicolae_ru_sacrificial_ziggurat, orc_0_dummy
D:10:     lemuel_insect_pit, layout_basic, erik_lair_island, serial_shops, shop,
          dk_noncrumbling_3, nicolae_take_the_stairs, uniq_grum
Lair:1:   layout_cave_shapes
Lair:2:   beast_lair_carwin_large_4, layout_regular_city,
          elwin_shoals_entry_stream, serial_bayou_pond_b
Lair:3:   layout_roguey, minmay_snake_entry_guardpost_large,
          infiniplex_staircase_pool_2
Lair:4:   layout_hall_layers, nicolae_quartered_pool_little
Lair:5:   layout_regular_city, uniq_snorg
Lair:6:   hangedman_lair_in_review, layout_hall_layers, wormcave, slime_altar_2,
          portal_ice_cave_entry_animals_and_master, uniq_sonja, uniq_nessos

Skill      XL: |  1  2  3  4  5  6  7  8  9 10 11 12 13 |
---------------+----------------------------------------+-----
Dodging        | 2 3 4 5 6 7 8 |  8.4
Fighting       | 1 2 3 5 6 7 8 9 10 | 10.2
Short Blades   | 1 2 3 4 5 6 7 8 |  8.8
Invocations    | 1 2 3 4 5 6 7 9 |  9.3
Spellcasting   | 3 4 5 6 7 8 |  8.3
Conjurations   | 5 6 7 8 9 |  9.8
Summonings     | 2 4 5 6 7 |  7.3
Necromancy     | 2 4 |  4.9
Stealth        | |  1.7

Action                   |  1- 3 |  4- 6 |  7- 9 | 10-12 | 13-15 || total
-------------------------+-------+-------+-------+-------+-------++-------
Melee: Dagger            |     9 |       |       |       |       ||     9
       Tailslap          |     4 |     3 |    28 |    32 |       ||    67
       Short sword       |    27 |    29 |   163 |       |       ||   219
       Staff             |       |       |    22 |   137 |     6 ||   165
 Cast: Magic Dart        |    80 |    47 |   109 |   116 |    26 ||   378
       Searing Ray       |     3 |     7 |    48 |   124 |    41 ||   223
       Summon Guardian G |       |       |       |     9 |     1 ||    10
       Call Canine Famil |       |       |       |     1 |       ||     1
       Vampiric Draining |       |       |       |    22 |       ||    22
Invok: Elemental Force   |       |       |       |       |     1 ||     1
 Abil: Breathe Noxious F |       |       |     2 |     1 |       ||     3
  Use: Scroll            |     7 |     2 |    18 |     7 |       ||    34
       Potion            |       |     1 |       |     1 |     3 ||     5
 Stab: Sleeping          |     3 |       |       |       |       ||     3
Armor: Skin              |     8 |    13 |    98 |   260 |    78 ||   457
Dodge: Dodged            |    46 |    21 |   160 |   453 |   118 ||   798
       Repelled          |       |       |       |     7 |     1 ||     8
Block: Other             |       |     1 |    27 |   183 |    59 ||   270
